 Dungeon Crawl Stone Soup version 0.18.1-47-g9310371 (webtiles) character file.

5679 Peloso the Blocker (level 10, 0/88 HPs)
             Began as a Minotaur Fighter on June 18, 2016.
             Was a Priest of Okawaru.
             Killed from afar by an electric eel (9 damage)
             ... with a bolt of electricity
             ... on level 10 of the Dungeon.
             The game lasted 00:27:37 (9696 turns).

Peloso the Blocker (Minotaur Fighter)               Turns: 9696, Time: 00:27:37

Health: 0/88       AC: 16    Str: 22    XL:     10   Next: 47%
Magic:  9/9        EV: 10    Int:  5    God:    Okawaru [***...]
Gold:   560        SH: 14    Dex: 12    Spells: 0 memorised, 9 levels left

rFire  . . .     SeeInvis .     e - +2 scimitar (elec)
rCold  + + .     Gourm    .     m - +0 chain mail
rNeg   . . .     Faith    .     c - +2 shield
rPois  .         Spirit   .     (helmet restricted)
rElec  .         Dismiss  .     w - +0 cloak
rCorr  .         Reflect  .     (no gloves)
SustAt .         Harm     .     r - +2 pair of boots
MR     .....                    (no amulet)
Stlth  ..........               F - ring of protection from fire
                                k - ring of ice

@: not resistant to hostile enchantments, extremely unstealthy
A: retaliatory headbutt, horns 2, cold resistance 1
a: Heroism, Renounce Religion


You were on level 10 of the Dungeon.
You worshipped Okawaru.
Okawaru was most pleased with you.
You were not hungry.

You visited 2 branches of the dungeon, and saw 11 of its levels.
You also visited: Sewer.

You collected 560 gold pieces.

Inventory:

Hand Weapons
 a - a +0 long sword
 e - a +2 scimitar of electrocution (weapon)
 E - the +0 dagger of Jaifuseb {freeze, Dex+2}
   (You found it on level 6 of the Dungeon)

   It has been specially enchanted to freeze those struck by it, causing extra
   injury to most foes and up to half again as much damage against particularly
   susceptible opponents.
   It can also slow down cold-blooded creatures.
   It affects your dexterity (+2).
 L - a cursed -2 flail
Armour
 b - a +0 scale mail
 c - a +2 shield (worn)
 m - a +0 chain mail (worn)
 r - a +2 pair of boots (worn)
 w - a +0 cloak (worn)
Jewellery
 k - a ring of ice (left hand)
 n - an uncursed ring of see invisible
 y - an uncursed ring of positive energy
 B - an uncursed ring of protection from cold
 C - an uncursed ring of stealth
 F - a ring of protection from fire (right hand)
Wands
 i - a wand of iceblast (10/15)
 z - a wand of lightning (9/15)
Scrolls
 g - 2 scrolls of remove curse
 o - 3 scrolls of blinking
 t - 2 scrolls of recharging
 D - a scroll of enchant armour
 G - 3 scrolls of fear
 K - a scroll of summoning {unknown}
 M - a scroll of identify
Potions
 h - 3 potions of cancellation
 j - 4 potions of curing
 p - 2 potions of berserk rage
 s - 6 potions of haste
 u - 3 potions of brilliance
 v - 3 potions of degeneration {unknown}
 I - 2 potions of cure mutation {unknown}
 J - a potion of might
Books
 d - a book of the Sky

   Spells                             Type                      Level
   a - Summon Lightning Spire         Summoning/Air                4
   b - Airstrike                      Air                          4
   c - Silence                        Hexes/Air                    5
   d - Deflect Missiles               Charms/Air                   6
   e - Conjure Ball Lightning         Conjuration/Air              6
   f - Tornado                        Air                          9
Comestibles
 f - 8 bread rations
 l - 6 beef jerkies
 q - 5 meat rations
 x - 3 fruits
 A - a royal jelly
 H - a chunk of flesh


   Skills:
 + Level 8.2 Fighting
 + Level 9.1 Long Blades
 + Level 9.0 Armour
 + Level 6.9 Dodging
 + Level 1.3 Stealth
 + Level 10.2 Shields
 + Level 0.3 Evocations


You had 9 spell levels left.
You didn't know any spells.

Dungeon Overview and Level Annotations

Branches:
Dungeon (10/15)            Temple (1/1) D:4
   Lair: D:8-11         Orc: D:9-12

Altars:
Ashenzari
Cheibriados
Dithmenos
Elyvilon
Fedhas
Gozag
Kikubaaqudgha
Makhleb
Nemelex Xobeh
Okawaru
Pakellas
Qazlal
Ru
Sif Muna
Trog
Vehumet
Xom
Yredelemnul
Zin
The Shining One

Shops:
D:8 *   D:10 *


Innate Abilities, Weirdness & Mutations

You reflexively headbutt those who attack you in melee.
You have a pair of horns on your head.
Your flesh is cold resistant.


Message History

The bolt of electricity hits you!
The electric eel shoots out a bolt of lightning at you!
The bolt of electricity hits you!
Your unstable footing causes you to fumble your attack.
The electric eel shoots out a bolt of lightning at you!
The bolt of electricity hits the electric eel.
The electric eel completely resists.
The bolt of electricity misses you.
The electric eel shoots out a bolt of lightning at you!
The bolt of electricity hits you! x2
Your unstable footing causes you to fumble your attack.
The electric eel shoots out a bolt of lightning at you!
The bolt of electricity hits you!
The electric eel shoots out a bolt of lightning at you!
The bolt of electricity hits you!
* * * LOW HITPOINT WARNING * * *
The bolt of electricity hits you!
* * * LOW HITPOINT WARNING * * *
The electric eel shoots out a bolt of lightning at you!
The bolt of electricity hits you!
You die...

.......... .##
.......##≈≈##≈
....≈≈≈≈≈≈≈≈≈
##≈≈≈≈≈≈≈≈≈≈≈
≈≈#≈≈≈≈≈≈≈≈≈≈≈≈
≈≈;≈≈#;≈≈≈≈#
≈≈≈≈≈≈≈.;.###
≈≈≈≈≈≈.∩#.#
≈≈≈≈≈...#@#
#≈#≈≈####.....#
# #≈# #######
##


You could see 2 electric eels.

Vanquished Creatures
  The ghost of nixorn the Protected, a novice GrCK of Xom (D:9)
  A centaur zombie (D:8)
  A troll (D:9)
  The ghost of Wardy2 the Cleaver, an amateur HOFi of Ashenzari (D:5)
  A steam dragon (D:7)
  A hungry ghost (D:9)
  3 orc warriors (D:9)
  2 ice beasts (D:8)
  A black bear (D:6)
  A necrophage (D:9)
  2 phantoms
  5 sky beasts
  2 ogres
  4 centaurs
  2 big kobolds
  4 giant frogs
  2 scorpions
  3 killer bees (D:9)
  An electric eel (D:6)
  8 howler monkeys
  A crimson imp (D:8)
  5 hounds
  A giant frog zombie (D:10)
  2 jellies (D:8)
  6 orc priests
  2 giant frog skeletons
  13 orc wizards
  4 worker ants
  3 iguanas
  A killer bee zombie (D:6)
  12 adders
  2 shadow imps
  9 oozes
  An adder skeleton (D:8)
  An adder zombie (D:8)
  5 worms
  3 dart slugs (D:1)
  21 giant geckos
  33 orcs
  14 giant cockroaches
  6 goblins
  7 hobgoblins
  2 jackals (D:5)
  4 quokkas
  10 ball pythons
  8 bats
  11 giant newts
  33 kobolds
  9 rats
  16 plants (D:5)
291 creatures vanquished.

Vanquished Creatures (others)
  An ice dragon (D:9)
  An orc (D:9)
  A kobold (D:2)
  A quokka (D:9)
  A bush (D:9)
5 creatures vanquished.

Grand Total: 296 creatures vanquished

Notes
Turn   | Place    | Note
--------------------------------------------------------------
     0 | D:1      | Peloso the Minotaur Fighter began the quest for the Orb.
     0 | D:1      | Reached XP level 1. HP: 19/19 MP: 0/0
     2 | D:1      | Noticed a troll
     4 | D:1      | Noticed a centaur
     6 | D:1      | Noticed a draconian
     6 | D:1      | Noticed a vine stalker
     8 | D:1      | Noticed a human
     8 | D:1      | Noticed a vampire
    10 | D:1      | Noticed an octopode
    10 | D:1      | Noticed a demigod
    12 | D:1      | Noticed a naga
    12 | D:1      | Noticed a ghoul
    14 | D:1      | Noticed a minotaur
    16 | D:1      | Noticed a merfolk
    16 | D:1      | Noticed a demonspawn
    18 | D:1      | Noticed a felid
    18 | D:1      | Noticed a tengu
    20 | D:1      | Noticed a formicid
    22 | D:1      | Noticed an ogre
    22 | D:1      | Noticed a spriggan
    24 | D:1      | Noticed an elf
    24 | D:1      | Noticed a halfling
    26 | D:1      | Noticed a gargoyle
    26 | D:1      | Noticed a dwarf
   232 | D:1      | Reached XP level 2. HP: 27/27 MP: 1/1
   338 | D:1      | Reached skill level 4 in Shields
   917 | D:1      | Reached XP level 3. HP: 33/33 MP: 2/2
  1171 | D:2      | Found a radiant altar of Vehumet.
  1367 | D:2      | Found an opulent altar of Gozag.
  1479 | D:2      | Reached XP level 4. HP: 39/41 MP: 3/3
  1819 | D:3      | Found a sacrificial altar of Ru.
  1993 | D:3      | Reached skill level 1 in Dodging
  2231 | D:3      | Found a snail-covered altar of Cheibriados.
  2260 | D:3      | Found a blossoming altar of Fedhas.
  2445 | D:4      | Found a glowing drain.
  2480 | Sewer    | Entered a sewer
  2484 | Sewer    | Reached XP level 5. HP: 46/47 MP: 4/4
  2679 | Sewer    | Reached skill level 5 in Shields
  3096 | Sewer    | Reached XP level 6. HP: 47/55 MP: 5/5
  3289 | D:4      | Reached skill level 5 in Fighting
  3322 | D:4      | Reached skill level 5 in Armour
  3625 | D:4      | Reached XP level 7. HP: 30/61 MP: 6/6
  3872 | D:4      | Found a staircase to the Ecumenical Temple.
  3957 | Temple   | Entered the Ecumenical Temple
  4046 | D:4      | Found a deep blue altar of Sif Muna.
  4081 | D:4      | Reached skill level 5 in Long Blades
  4180 | D:5      | Entered Level 5 of the Dungeon
  4202 | D:5      | Reached skill level 6 in Shields
  4449 | D:5      | Noticed Wardy2's ghost (amateur HOFi)
  4459 | D:5      | Killed Wardy2's ghost
  4459 | D:5      | Reached XP level 8. HP: 59/70 MP: 7/7
  4558 | D:5      | Reached skill level 7 in Shields
  5889 | D:6      | Reached skill level 5 in Dodging
  5897 | D:6      | Found a deep blue altar of Sif Muna.
  5903 | D:6      | Found a stormy altar of Qazlal.
  5903 | D:6      | Found an iron altar of Okawaru.
  5911 | D:6      | Became a worshipper of Warmaster Okawaru
  5962 | D:6      | Got a bloodstained dagger
  5963 | D:6      | Identified the +0 dagger of Jaifuseb {freeze, Dex+2} (You found it on level 6 of the Dungeon)
  6104 | D:6      | Reached skill level 8 in Shields
  6298 | D:6      | Reached XP level 9. HP: 58/78 MP: 8/8
  6472 | D:6      | Found a stormy altar of Qazlal.
  6674 | D:7      | Gained mutation: Your flesh is cold resistant. [potion of beneficial mutation]
  7072 | D:7      | Noticed a moth of wrath
  7075 | D:7      | Found a bloodstained altar of Trog.
  7343 | D:8      | Reached * piety under Okawaru
  7378 | D:8      | Found a burning altar of Makhleb.
  7526 | D:8      | Found Lemidaon's General Store.
  7625 | D:8      | Reached skill level 9 in Shields
  7730 | D:8      | Reached ** piety under Okawaru
  7986 | D:9      | Found an iron altar of Okawaru.
  8232 | D:9      | Reached XP level 10. HP: 86/86 MP: 9/9
  8550 | D:9      | Reached *** piety under Okawaru
  8683 | D:9      | Found a blossoming altar of Fedhas.
  8740 | D:9      | Found a white marble altar of Elyvilon.
  8775 | D:9      | Noticed nixorn's ghost (novice GrCK)
  8809 | D:9      | Killed nixorn's ghost
  8809 | D:9      | Reached skill level 1 in Stealth
  8809 | D:9      | Reached skill level 10 in Shields
  9256 | D:9      | Found an oddly glowing altar of Pakellas.
  9257 | D:9      | Noticed an ice dragon
  9270 | D:9      | Killed an ice dragon
  9553 | D:10     | Entered Level 10 of the Dungeon
  9690 | D:10     | Found Tyaf's Assorted Antiques.
  9696 | D:10     | Killed from afar by an electric eel

Skill      XL: |  1  2  3  4  5  6  7  8  9 10 |
---------------+-------------------------------+-----
Shields        | 4 5 6 8 9 10 | 10.2
Fighting       | 4 5 6 7 8 |  8.2
Long Blades    | 3 4 5 6 8 9 |  9.1
Armour         | 4 5 6 8 9 |  9.0
Dodging        | 1 2 3 4 5 6 |  6.9
Stealth        | 1 |  1.3
Evocations     | |  0.3

Action                   |  1- 3 |  4- 6 |  7- 9 | 10-12 || total
-------------------------+-------+-------+-------+-------++-------
Melee: Long sword        |   101 |   224 |   472 |       ||   797
       Headbutt          |    11 |    36 |   167 |    36 ||   250
       Scimitar          |       |       |   134 |   129 ||   263
Invok: Heroism           |       |       |       |     1 ||     1
Evoke: Wand              |       |       |     2 |       ||     2
  Use: Scroll            |       |    11 |     9 |       ||    20
       Potion            |       |       |     2 |       ||     2
 Stab: Invisible         |       |       |       |     3 ||     3
  Eat: Chunk             |     2 |     7 |    15 |     5 ||    29
       Pizza             |       |       |     1 |       ||     1
Armor: Scale mail        |    56 |    82 |    81 |       ||   219
       Chain mail        |       |       |    65 |    53 ||   118
Dodge: Dodged            |    32 |    78 |   121 |    57 ||   288
Block: Shield            |    68 |   147 |   254 |   120 ||   589
